 Dungeon Crawl Stone Soup version 0.31-a0-542-gdc2a67831c (webtiles) character file.

Game seed: 2557414593057411504

1842881 SuPeRPuSSyNoOTAB the Executioner (level 27, 214/214 HPs)
             Began as a Minotaur Monk on Aug 14, 2023.
             Was an Elder of Hepliaklqana.
             Escaped with the Orb
             ... and 3 runes!
             The game lasted 02:52:07 (59052 turns).

SuPeRPuSSyNoOTAB the Executioner (Minotaur Monk)   Turns: 59052, Time: 02:52:08

Health: 214/214    AC: 47    Str: 27    XL:     27
Magic:  36/36      EV: 11    Int:  9    God:    Hepliaklqana [****..]
Gold:   6808       SH: 24    Dex: 16    Spells: 26/26 levels left

rFire   + + +        W - +9 broad axe (venom)
rCold   + + .        Z - +2 tower shield
rNeg    + . .        c - +8 gold dragon scales
rPois   +            l - +1 hat {SInv}
rElec   +            I - scarf of the Great Game {repulsion, rElec rPois}
rCorr   +            D - +2 pair of gloves "Kyny" {Contam rElec rF++ Will++}
SInv    +            J - +5 pair of boots of Sunn {Dex+4}
Will    +++++        N - amulet of Vitality {RegenMP++ Regen++} Stlth
                     y - ring of Tyurr {rN+ Will+}
HPRegen 2.15/turn    M - ring of Lulos {rCorr AC+4}
MPRegen 1.05/turn

%: random rage (3%), repel missiles
@: studying 2 skills
A: reduced essence, horns 2, retaliatory headbutt, berserk 1, clumsy 1, cold
resistance 1, wild magic 1
0: Orb of Zot
}: 3/15 runes: barnacled, silver, gossamer
a: Renounce Religion, Recall Ancestor, Ancestor Identity, Transference, Idealise


You escaped.
You worshipped Hepliaklqana.
Hepliaklqana was greatly pleased with you.
You visited 10 branches of the dungeon, and saw 50 of its levels.
You visited 3 bazaars.
You also visited: Trove and Ice Cave.

You collected 9860 gold pieces.
You spent 3052 gold pieces at shops.

Inventory:

Hand Weapons
 v - a +6 executioner's axe of flaming
 W - a +9 broad axe of venom (weapon)
Missiles
 p - a throwing net
 x - 12 curare-tipped darts
 A - 8 silver javelins (quivered)
 E - 35 boomerangs
Armour
 c - +8 gold dragon scales (worn)
 l - a +1 hat of see invisible (worn)
 D - the +2 pair of gloves "Kyny" (worn) {Contam rElec rF++ Will++}
   (You found it on level 4 of the Spider Nest)

   rF++:      It greatly protects you from fire.
   rElec:     It insulates you from electricity.
   Will++:    It greatly increases your willpower.
   Contam:    It causes magical contamination when unequipped.
 I - the scarf of the Great Game (worn) {repulsion, rElec rPois}
   (You acquired it on level 11 of the Dungeon)

   rElec:     It insulates you from electricity.
   rPois:     It protects you from poison
 J - the +5 pair of boots of Sunn (worn) {Dex+4}
   (You found it on level 6 of the Dungeon)

   Dex+4:     It affects your dexterity (+4).
 Z - a +2 tower shield (worn)
Jewellery
 g - a ring of flight
 n - the ring "Zokho" {AC+4 Int+3 Dex+6}
   (You bought it in a shop on level 2 of the Orcish Mines)

   [ring of protection]

   AC+4:      It affects your AC (+4).
   Int+3:     It affects your intelligence (+3).
   Dex+6:     It affects your dexterity (+6).
 y - the ring of Tyurr (left hand) {rN+ Will+}
   (You found it on level 5 of the Vaults)

   [ring of positive energy]

   rN+:       It protects you from negative energy.
   Will+:     It increases your willpower.
 C - the ring of Beogh's Fury {rN+ MP+9}
   (You took it off a deep elf pyromancer on level 12 of the Dungeon)

   [ring of magical power]

   rN+:       It protects you from negative energy.
   MP+9:      It affects your magic capacity (+9).
 M - the ring of Lulos (right hand) {rCorr AC+4}
   (You found it on level 3 of the Elven Halls)

   [ring of protection]

   AC+4:      It affects your AC (+4).
   rCorr:     It protects you from acid and corrosion.
 N - the amulet of Vitality (around neck) {RegenMP++ Regen++}
   (You found it in an ice cave)

   [amulet of magic regeneration]

   RegenMP:   It increases your rate of magic regeneration.
   Regen++:   It increases your rate of health regeneration.
 P - a ring of protection from cold
 S - a ring of willpower
Wands
 e - a wand of digging (13)
 w - a wand of charming (42)
 H - a wand of quicksilver (47)
 U - a wand of polymorph (40)
 Y - a wand of iceblast (46)
Scrolls
 a - 5 scrolls of fear
 b - 2 scrolls of silence
 k - 8 scrolls of vulnerability
 o - 18 scrolls of teleportation
 r - 7 scrolls of immolation
 t - 9 scrolls of poison
 Q - 3 scrolls of blinking
 V - 2 scrolls of fog
Potions
 h - 6 potions of curing
 j - 3 potions of resistance
 m - 5 potions of might
 q - 11 potions of enlightenment
 s - 4 potions of cancellation
 u - a potion of mutation
 z - 7 potions of lignification
 B - 10 potions of attraction
 O - 10 potions of haste
 R - 6 potions of heal wounds
Miscellaneous
 i - a box of beasts
 F - a condenser vane
 G - a phial of floods
 L - a phantom mirror
 T - a sack of spiders
 X - a lightning rod (4/4)


   Skills:
 - Level 18.0 Fighting
 - Level 1.0 Short Blades
 - Level 21.4(22.5) Axes
 - Level 12.8(18.5) Maces & Flails
 * Level 19.9 Throwing
 - Level 21.0 Armour
 - Level 12.0 Dodging
 - Level 2.0 Stealth
 - Level 21.0 Shields
 + Level 20.6 Invocations
 - Level 9.0 Evocations
 - Level 17.8 Shapeshifting


You had 26 spell levels left.
You didn't know any spells.
Your spell library contained the following spells:

 Spells                   Type           Power      Damage    Failure   Level
 Foxfire                  Conj/Fire      0%         2x1d4     100%        1
 Freeze                   Ice            0%         1d3       100%        1
 Kiss of Death            Conj/Necr      0%         2d5       100%        1
 Magic Dart               Conj           0%         1d3       100%        1
 Necrotise                Necr           0%         1d4       100%        1
 Sandblast                Erth           0%         2d4       100%        1
 Summon Small Mammal      Summ           0%         N/A       100%        1
 Blink                    Tloc           0%         N/A       100%        2
 Call Imp                 Summ           0%         N/A       100%        2
 Cigotuvi's Dreadful Rot  Necr/Pois/Air  0%         N/A       100%        2
 Lesser Beckoning         Tloc           0%         N/A       100%        2
 Momentum Strike          Conj/Tloc      0%         3d8       100%        2
 Passwall                 Tmut/Erth      0%         N/A       100%        2
 Poisonous Vapours        Pois/Air       0%         N/A       100%        2
 Searing Ray              Conj           0%         2d4       100%        2
 Static Discharge         Conj/Air       0%         2-2/arc   100%        2
 Sublimation of Blood     Necr           0%         N/A       100%        2
 Call Canine Familiar     Summ           0%         N/A       100%        3
 Confusing Touch          Hex            0%         N/A       100%        3
 Frozen Ramparts          Ice            0%         1d1       100%        3
 Gell's Gravitas          Tloc           0%         N/A       100%        3
 Hailstorm                Conj/Ice       0%         3d3       100%        3
 Ignite Poison            Fire/Tmut/Pois 0%         N/A       100%        3
 Mephitic Cloud           Conj/Pois/Air  0%         N/A       100%        3
 Ozocubu's Armour         Ice            0%         N/A       100%        3
 Portal Projectile        Hex/Tloc       0%         N/A       100%        3
 Stone Arrow              Conj/Erth      0%         3d7       100%        3
 Summon Guardian Golem    Hex/Summ       0%         N/A       100%        3
 Teleport Other           Tloc           0%         N/A       100%        3
 Tukima's Dance           Hex            0%         N/A       100%        3
 Vampiric Draining        Necr           0%         2d6       100%        3
 Airstrike                Air            0%         2d(0-16)  100%        4
 Anguish                  Hex/Necr       0%         N/A       100%        4
 Animate Armour           Summ/Erth      0%         N/A       100%        4
 Animate Dead             Necr           0%         N/A       100%        4
 Cause Fear               Hex            0%         N/A       100%        4
 Dispel Undead            Necr           0%         3d6       100%        4
 Fulminant Prism          Conj/Hex       0%         3d5       100%        4
 Iskenderun's Mystic Bla  Conj/Tloc      0%         2d3       100%        4
 Leda's Liquefaction      Hex/Erth       0%         N/A       100%        4
 Manifold Assault         Tloc           0%         N/A       100%        4
 Passage of Golubria      Tloc           0%         N/A       100%        4
 Petrify                  Tmut/Erth      0%         N/A       100%        4
 Summon Ice Beast         Ice/Summ       0%         N/A       100%        4
 Summon Lightning Spire   Summ/Air       0%         N/A       100%        4
 Agony                    Necr           0%         N/A       100%        5
 Borgnjor's Vile Clutch   Necr/Erth      0%         N/A       100%        5
 Fireball                 Conj/Fire      0%         3d3       100%        5
 Freezing Cloud           Conj/Ice/Air   0%         6-21      100%        5
 Irradiate                Conj/Tmut      0%         3d11      100%        5
 Iskenderun's Battlesphe  Conj           0%         2d6       100%        5
 Lee's Rapid Deconstruct  Erth           0%         3d4*      100%        5
 Metabolic Englaciation   Hex/Ice        0%         N/A       100%        5
 Silence                  Hex/Air        0%         N/A       100%        5
 Summon Forest            Summ/Tloc      0%         N/A       100%        5
 Summon Mana Viper        Hex/Summ       0%         N/A       100%        5
 Conjure Ball Lightning   Conj/Air       0%         3x3d6     100%        6
 Death Channel            Necr           0%         N/A       100%        6
 Dispersal                Tloc           0%         N/A       100%        6
 Leda's Unmaking          Conj/Erth      0%         9d1       100%        6
 Simulacrum               Ice/Necr       0%         N/A       100%        6
 Starburst                Conj/Fire      0%         6d3       100%        6
 Summon Cactus Giant      Summ           0%         N/A       100%        6
 Enfeeble                 Hex            0%         N/A       100%        7
 Haunt                    Necr/Summ      0%         N/A       100%        7
 Malign Gateway           Summ/Tloc      0%         N/A       100%        7
 Monstrous Menagerie      Summ           0%         N/A       100%        7
 Orb of Destruction       Conj           0%         9d5       100%        7
 Spellforged Servitor     Conj/Summ      0%         N/A       100%        7
 Borgnjor's Revivificati  Necr           0%         N/A       100%        8
 Disjunction              Tloc           0%         N/A       100%        8
 Infestation              Necr           0%         N/A       100%        8
 Lehudib's Crystal Spear  Conj/Erth      0%         10d2      100%        8
 Summon Horrible Things   Summ           0%         N/A       100%        8
 Death's Door             Necr           0%         N/A       100%        9
 Dragon's Call            Summ           0%         N/A       100%        9
 Polar Vortex             Ice            0%         N/A       100%        9


Dungeon Overview and Level Annotations

Branches:
Dungeon (15/15)            Temple (0/1) D:5            Lair (5/5) D:8
 Shoals (4/4) Lair:3       Spider (4/4) Lair:3          Orc (2/2) D:10
    Elf (3/3) Orc:2        Vaults (5/5) D:14          Crypt (3/3) Vaults:2
   Tomb (0/3) Crypt:3      Depths (4/4) D:15            Zot (5/5) Depths:4
  IceCv (visited)
  Slime: Lair:4-5

Altars:
Ashenzari
Elyvilon
Fedhas
Gozag
Hepliaklqana
Nemelex Xobeh
Okawaru
Qazlal
Ru
Sif Muna
Uskayaw
Vehumet
Wu Jian
Xom
Yredelemnul
Zin
The Shining One
Lugonu

Shops:
D:5 :   D:7 [   Orc:2 *=([   Elf:2 (   Shoals:2 [   Vaults:3 :   Vaults:4 ?
Depths:1 (**::=

Portals:
Hell: Depths:1 Depths:2 Depths:3 Depths:4
Abyss: Depths:1 Depths:2 Depths:3
Pandemonium: Depths:2 Depths:3 Depths:4
Ziggurat: Depths:1

Annotations:
D:6 1 exclusion
D:7 1 runed translucent door, TheKing741's ghost, novice HOFi
D:10 Erolcha
D:14 1 exclusion
Lair:1 exclusions: oklob plant and 1 more exclusion
Lair:4 exclusion: oklob plant
Shoals:2 Roxanne
Shoals:3 5 transporters
Orc:2 3 runed translucent doors, bmj180's ghost, journeyman DrCj
Elf:2 3 runed translucent doors
Elf:3 8 exclusions
Vaults:5 1 exclusion
Crypt:3 exclusion: knight
Depths:3 1 runed translucent door, exclusion: door
Zot:4 exclusion: 3 upstairs


Innate Abilities, Weirdness & Mutations

Your life essence is reduced to manifest your ancestor. (-10% HP)
You have a pair of horns on your head.
You reflexively headbutt those who attack you in melee.
You sometimes lose your temper in combat.
You are clumsy. (Dex -2)
Your flesh is cold resistant. (rC+)
Your spells are a little harder to cast, but a little more powerful.


Message History

(C) Crypt (W) Tomb (U) Depths (H) Hell (Z) Zot
Where to? (Tab/Enter - D:1 @ (x,y), ? - help)
What level of the Dungeon? (default 1, ? - help)
There is a stone staircase leading up here.
You climb upwards.
There is a stone staircase leading down here.
There is a stone staircase leading up here.
You climb upwards.
There is a stone staircase leading down, spattered with blood here.
There is a stone staircase leading up here.
You climb upwards.
There is a stone staircase leading down here.
A shadow demon comes into view.
Unknown command.
The shadow demon gestures.
You block the bat's attack. You block the bat's attack.
The bat attacks as you move away! You block the bat's attack. x2
The bat hits you but does no damage.
You open the door. You block the bat's attack.
There is an open door here.
You block the bat's attack.
Aiming: Dig
Press: ? - help, Shift-Dir - straight line A rock wall.
This square is covered in magical glow.
The rock shatters into small pieces.
Unknown command.
The bat barely misses you. You furiously retaliate!
You headbutt the bat.
You kill the bat!
The bat's corpse dissolves into shadows!
The shadow demon gestures.
The shadow demon gestures.
The rat dissolves into shadows!
You block the quokka's attack. You block the quokka's attack.
There is a staircase leading out of the dungeon here.
You block the quokka's attack.
You have escaped!

........####.#.....#..###........
........#....#.######...#........
.......##.##.#......###.##......#
.....b'#..##.######.#...##'...###
......#b.#.#.# #....#.###.#...#
.....######..###.####.#...##..###
.....######..K##'####.#.####....#
.....##.....#b'...'...#.####..#.#
.....)..#.####.2@.#####.#..'....#
.....####.#...'lr.'.#.....##..#..
#....####.#.####'##...######..#..
#....##...#.####.###########..#.#
..##..#.###.#........###..#...#..
..##..'##...#.######.##..#'......
..##...##.###......#.##.##......#
...#....#...######.#....#.......#
...#....###..#.....######........


You could see a shadow demon, a quokka (summoned), a bat (summoned), a kobold
(summoned) and a frilled lizard (summoned).

Vanquished Creatures
  A dread lich (Zot:5)
  4 ancient liches
  4 orbs of fire (Zot:5)
  4 juggernauts
  4 Killer Klowns (Zot:5)
  A curse toe (Zot:4)
  8 golden dragons
  A bone dragon (Crypt:3)
  An electric golem (Zot:5)
  2 Tzitzimimeh
  11 tentacled monstrosities
  2 doom hounds (Zot:1)
  2 liches
  A Hell Sentinel (Zot:1)
  Asterion (Spider:2)
  19 Orb Guardians
  Grunn (Zot:1)
  2 deep elf blademasters (Elf:3)
  A kraken (Shoals:4)
  Mlioglotl (Spider:1)
  A deep elf master archer (Elf:3)
  2 sphinxes
  9 quicksilver dragons
  6 titans
  Gastronok (Orc:1)
  4 ancient champions
  2 tengu reavers (Vaults:5)
  Agnes (Spider:1)
  5 death cobs
  Donald (Vaults:2)
  14 shadow dragons
  16 draconian monks
  14 storm dragons
  Ilsuiw (Shoals:2)
  Aizul (Spider:2)
  7 fire giants
  6 iron dragons
  7 emperor scorpions
  3 draconian scorchers
  6 frost giants
  6 draconian knights
  18 vault wardens
  8 deep elf sorcerers
  6 ghost moths
  5 draconian shifters
  3 deep elf elementalists (Elf:3)
  2 caustic shrike zombies (Crypt:3)
  3 curse skulls
  2 spriggan defenders
  A reaper (IceCv)
  3 draconian annihilators
  2 draconian stormcallers
  A cacodemon (D:8)
  A war gargoyle (Zot:2)
  2 orc warlords
  11 ghouls
  16 ironbound preservers
  A broodmother (Spider:2)
  33 very ugly things
  A formless jellyfish (Shoals:4)
  8 stone giants
  A rockslime zombie (Crypt:1)
  5 ironbound thunderhulks
  11 black draconians
  5 green draconians
  2 vampire knights
  8 deep elf demonologists
  Azrael (D:14)
  5 purple draconians
  5 white draconians
  8 deep elf annihilators
  7 spark wasps
  6 yellow draconians
  6 red draconians
  A spark wasp (shapeshifter) (Vaults:5)
  10 dire elephants (Vaults:2)
  5 deep elf death magi
  7 eidola
  A mummy priest (Crypt:3)
  7 merfolk javelineers
  17 fire dragons
  6 entropy weavers
  A blizzard demon (Depths:4)
  9 merfolk impalers
  3 jiangshi (Crypt:2)
  Josephine (D:15)
  13 ettins
  6 great orbs of eyes
  3 spriggan zombies (Crypt:3)
  7 deep elf high priests
  11 yaktaur captains
  5 hydras
  11 ice dragons
  34 vault guards
  An ogre mage (Vaults:5)
  9 ironbound frosthearts
  5 catoblepae
  2 hell beasts (Depths:1)
  2 jorogumos (Spider:1)
  13 centaur warriors
  A radroach (shapeshifter) (Elf:3)
  A merfolk avatar (Shoals:4)
  A peacekeeper (Vaults:3)
  4 two-headed ogres
  6 spriggan air magi
  2 satyrs
  2 alligator snapping turtles
  9 boulder beetles
  20 dancing weapons
  10 deep troll earth magi
  3 radroaches
  6 merfolk aquamancers
  4 tengu warriors
  7 deep troll shamans
  10 death knights
  5 death yaks (Lair:5)
  4 orc high priests (Orc:2)
  2 spriggan berserkers
  4 demonic crawlers (Spider:2)
  4 vampire magi (Crypt:1)
  A death scarab (Spider:4)
  11 hell knights
  20 deep elf knights
  A salamander mystic (Depths:4)
  9 soul eaters
  28 skeletal warriors
  15 iron trolls
  5 skysharks
  4 flayed ghosts
  A sixfirhy (D:8)
  9 sea snakes
  A death drake (Depths:2)
  A shadow wraith (Crypt:2)
  4 sun moths
  An anaconda zombie (Crypt:3)
  2 pharaoh ants
  4 glowing orange brains
  23 deep trolls
  A deep troll (shapeshifter) (Elf:3)
  7 wizards
  A sea snake (shapeshifter) (Elf:3)
  2 orb spiders
  8 steelbarb worms
  8 deep elf archers
  11 lindwurms
  22 ironbound convokers
  Pikel (D:7)
  Jeremiah (D:7)
  A mana viper (shapeshifter) (Depths:1)
  23 deep elf pyromancers
  19 phantasmal warriors
  6 necromancers
  An orange crystal statue (Spider:2)
  16 harpies
  3 orc knights
  15 wolf spiders
  43 ugly things
  The ghost of kae the Changeling, a novice DrSh (D:6)
  9 cyclopes
  27 deep elf zephyrmancers
  16 manticores
  7 orc sorcerers
  A human zombie (Crypt:3)
  22 moths of wrath
  A cyclops (shapeshifter) (Vaults:5)
  2 salamanders (Depths:4)
  3 merfolk sirens
  7 elephants
  15 vault sentinels
  An elephant (shapeshifter) (Elf:3)
  A centaur zombie (Crypt:3)
  Joseph (D:9)
  4 water nymphs
  3 black mambas
  An ice statue (IceCv)
  A torpor snail (Spider:4)
  A rime drake (shapeshifter) (Elf:3)
  2 hellions
  3 unseen horrors (D:12)
  12 cane toads
  28 yaktaurs
  2 kobold demonologists
  2 anaconda simulacra (IceCv)
  3 tormentors
  8 komodo dragons
  2 efreet (D:15)
  A guardian mummy (Crypt:3)
  15 freezing wraiths
  A catoblepas skeleton (Crypt:2)
  7 tengu conjurers
  2 yaktaur skeletons (Vaults:3)
  2 ice devils (Depths:4)
  11 merfolk
  2 hellwings
  6 meliai (Spider:1)
  4 polar bears
  3 wind drakes
  11 hornets
  5 trolls
  A troll (shapeshifter) (D:13)
  A silent spectre (Crypt:2)
  19 tarantellas
  An ettin zombie (Crypt:3)
  4 snapping turtles
  25 blink frogs
  A human simulacrum (Vaults:3)
  4 dream sheep
  3 jumping spiders (shapeshifter)
  A centaur simulacrum (D:14)
  2 snapping turtles (shapeshifter)
  An alligator zombie (Crypt:2)
  A ynoxinul (Zot:1)
  2 shadows (D:12)
  35 slime creatures
  4 spriggans
  22 jumping spiders
  9 water elementals
  27 culicivoras
  11 wraiths
  2 air elementals
  2 wyverns
  2 vampires
  29 yaks
  2 dire elephant simulacra (IceCv)
  2 fire elementals
  An ushabti (Crypt:3)
  4 basilisks
  A golden eye (D:10)
  A human (shapeshifter) (D:12)
  A human (Depths:3)
  3 steam dragons
  4 death yak simulacra (IceCv)
  48 redbacks
  9 vampire mosquitoes
  3 chaos spawn
  6 wargs
  2 harpy simulacra (IceCv)
  A merfolk zombie (Crypt:1)
  A glowing shapeshifter zombie (Vaults:3)
  3 swamp worms (Lair:1)
  11 water moccasins
  A merfolk skeleton (Crypt:2)
  3 hell hounds (D:14)
  27 orc warriors
  A sky beast (D:8)
  2 black bears
  8 ogres
  26 wolves
  A blink frog skeleton (Crypt:1)
  14 centaurs
  A lemure (D:7)
  3 phantoms
  2 kobold brigands
  A komodo dragon zombie (Crypt:2)
  4 bullfrogs
  4 earth elementals
  A gnoll sergeant (D:12)
  A cane toad simulacrum (IceCv)
  A scorpion (D:5)
  9 necrophages (Crypt:3)
  5 two-headed ogre simulacra (IceCv)
  A water moccasin zombie (Crypt:1)
  3 wights (D:10)
  8 wyvern skeletons (Crypt:3)
  A raiju zombie (Crypt:1)
  An elephant simulacrum (IceCv)
  10 killer bees
  A vampire bat (D:15)
  2 howler monkeys (D:12)
  21 orc priests
  A hound (D:5)
  A jelly (D:7)
  An iguana (D:6)
  25 orc wizards
  2 polar bear simulacra (IceCv)
  6 troll simulacra (IceCv)
  5 spriggan simulacra (IceCv)
  2 wolf simulacra (IceCv)
  A naga zombie (Crypt:2)
  A mummy (Crypt:3)
  6 gnolls
  A howler monkey skeleton (Crypt:2)
  8 naga simulacra (IceCv)
  5 adders
  18 white imps
  6 ufetubi
  An adder zombie (Crypt:2)
  A worm (shapeshifter) (Elf:3)
  3 worms
  A dart slug (D:2)
  53 orcs
  4 endoplasms
  4 giant cockroaches
  7 goblins
  5 hobgoblins
  3 jackals
  3 quokkas
  6 ball pythons
  8 bats
  3 frilled lizards
  14 kobolds
  4 rats
  A river rat skeleton (Crypt:2)
  3 spectral weapons
  A starspawn tentacle (Spider:1)
  A tentacle (Shoals:4)
1951 creatures vanquished.

Vanquished Creatures (collateral kills)
  A dread lich (Zot:5)
  3 ancient liches
  An orb of fire (Zot:2)
  A juggernaut (Depths:2)
  Parghit (Zot:1)
  4 Killer Klowns (Zot:5)
  Bai Suzhen (Shoals:4)
  3 golden dragons
  A profane servitor (Crypt:3)
  Jory (Vaults:4)
  The ghost of Vorhees the Blinker, an adept GnSh of Ashenzari (Elf:3)
  2 electric golems
  Rupert (D:14)
  4 tentacled monstrosities
  An iron giant (Zot:2)
  A lich (Crypt:1)
  A quicksilver dragon (Vaults:5)
  6 Orb Guardians
  A Hell Sentinel (D:14)
  3 titans (Vaults:5)
  2 sphinxes
  4 death cobs
  2 deep elf master archers (Elf:3)
  An ancient champion (Crypt:1)
  2 tengu reavers
  4 storm dragons
  3 shadow dragons
  5 draconian monks
  2 vault wardens
  2 deep elf sorcerers
  A draconian knight (Zot:2)
  2 draconian shifters
  A draconian scorcher (Zot:2)
  A deep elf elementalist (Elf:3)
  2 ghouls
  2 draconian annihilators
  2 curse skulls
  2 ironbound preservers
  2 stone giants
  A formless jellyfish (Vaults:2)
  5 ironbound thunderhulks
  3 very ugly things
  3 green draconians
  3 black draconians
  A vampire knight (Crypt:2)
  2 deep elf annihilators
  2 white draconians (Zot:2)
  3 red draconians
  4 yellow draconians
  2 spark wasps (Spider:4)
  A merfolk javelineer (Shoals:4)
  3 purple draconians
  2 merfolk impalers
  2 deep elf death magi (Elf:3)
  5 fire dragons
  An acid blob zombie (Crypt:1)
  A great orb of eyes (Vaults:2)
  An entropy weaver (Spider:2)
  2 jiangshi (Vaults:2)
  A deep elf high priest (Elf:3)
  5 yaktaur captains
  An ice dragon (Depths:4)
  3 vault guards
  A hydra (Lair:3)
  A jorogumo (Spider:3)
  2 merfolk avatars
  A death knight (Crypt:3)
  A merfolk aquamancer (Crypt:2)
  A catoblepas (Zot:2)
  3 ironbound frosthearts
  A death yak (Lair:5)
  A hell beast (Depths:1)
  4 centaur warriors
  3 boulder beetles
  2 tengu warriors
  6 deep troll shamans (Depths:2)
  4 dancing weapons
  2 vampire magi (Crypt:1)
  3 demonic crawlers
  An orc high priest (Elf:1)
  4 deep troll earth magi
  2 hell knights (Depths:1)
  4 deep elf knights (Elf:3)
  A soul eater (Crypt:2)
  2 iron trolls
  2 pharaoh ants
  6 skeletal warriors
  2 sea snakes
  A death drake (Depths:2)
  10 deep trolls
  A flayed ghost (Crypt:1)
  An anaconda zombie (Crypt:3)
  3 wizards
  3 deep elf archers
  6 orb spiders
  3 deep elf pyromancers
  A lindwurm (Lair:5)
  A necromancer (Crypt:1)
  3 ironbound convokers
  4 wolf spiders
  A steelbarb worm (Spider:4)
  8 deep elf zephyrmancers
  8 phantasmal warriors
  A stone giant zombie (Crypt:3)
  9 ugly things
  2 salamanders (Depths:4)
  3 manticores
  A cyclops (D:15)
  A rust devil (Lair:1)
  6 moths of wrath
  2 black mambas
  An elephant (Lair:5)
  8 vault sentinels
  A cane toad (Lair:5)
  2 ice devils
  3 yaktaurs (Vaults:4)
  A komodo dragon (Lair:1)
  4 freezing wraiths
  A tengu conjurer (Depths:2)
  2 merfolk
  3 harpy zombies (Crypt:3)
  A troll (Orc:2)
  A red devil (D:7)
  4 tarantellas (Spider:1)
  2 blink frogs
  7 dream sheep
  5 jumping spiders
  An ettin zombie (Crypt:3)
  2 air elementals
  6 slime creatures
  2 culicivoras (Spider:1)
  2 humans (Depths:3)
  A water elemental (Depths:1)
  5 yaks
  2 fire elementals (D:14)
  7 wraiths
  A chaos spawn (Lair:1)
  5 golden eyes (D:10)
  6 redbacks
  A vampire mosquito (D:13)
  A naga zombie (Crypt:3)
  Edmund (D:4)
  3 wargs
  2 water moccasins (Lair:1)
  A hell hound (D:14)
  3 orc warriors
  4 ogres
  An elephant zombie (Crypt:1)
  A boggart (Vaults:4)
  3 centaurs (Lair:3)
  3 wolves
  A lemure (D:7)
  3 bullfrogs
  A gnoll sergeant (D:12)
  A scorpion (D:5)
  4 necrophages (Crypt:3)
  A wight (D:10)
  2 wyvern skeletons (Crypt:3)
  4 killer bees
  2 electric eels (Spider:4)
  A jelly (D:7)
  A gnoll bouda (D:9)
  An orc priest (D:8)
  5 orc wizards
  An iguana (D:5)
  3 gnolls (D:9)
  A shadow imp (D:5)
  2 white imps (D:12)
  An ufetubus (D:4)
  26 orcs
  A jackal (D:5)
  2 kobolds (D:8)
  A quokka (D:5)
  3 bats (D:15)
  2 spectral weapons
456 creatures vanquished.

Vanquished Creatures (others)
  A fire giant (Depths:1)
  A draconian scorcher (Zot:1)
  A spark wasp (Depths:2)
  A centaur warrior (Vaults:2)
  A tengu warrior (Depths:2)
  2 deep elf knights (Elf:1)
  An orb spider (Spider:4)
  A deep elf pyromancer (Elf:2)
  A human (Crypt:2)
  A water elemental (Shoals:3)
  A swamp worm (shapeshifter) (Elf:3)
  42 knights
  An orc wizard (Orc:2)
  An orc (Elf:1)
  6 spectral weapons
  2 starspawn tentacles (Spider:1)
  3 tentacles (Shoals:4)
67 creatures vanquished.

Grand Total: 2474 creatures vanquished

Notes
Turn   | Place    | Note
-------+----------+-------------------------------------------
     0 | D:1      | SuPeRPuSSyNoOTAB the Minotaur Monk began the quest for the
                  | Orb.
     0 | D:1      | Reached XP level 1. HP: 19/19 MP: 0/0
    81 | D:1      | Reached skill level 1 in Maces & Flails
   186 | D:1      | Reached XP level 2. HP: 26/26 MP: 1/1
   786 | D:2      | Reached skill level 1 in Stealth
   794 | D:2      | Reached XP level 3. HP: 13/31 MP: 2/2
  1634 | D:3      | Identified the +0 ring mail "Jyahoy" {Will+ Str+6 Dex+3
                  | Slay-3}
  2056 | D:3      | Reached XP level 4. HP: 39/39 MP: 3/3
  2206 | D:4      | Noticed a steam dragon
  2210 | D:4      | Killed a steam dragon
  2211 | D:4      | Reached skill level 1 in Short Blades
  2211 | D:4      | Reached skill level 5 in Maces & Flails
  2211 | D:4      | Reached XP level 5. HP: 45/45 MP: 4/4
  2462 | D:5      | Entered Level 5 of the Dungeon
  2487 | D:5      | Reached XP level 6. HP: 51/51 MP: 5/5
  2496 | D:5      | Found Faduargh's Tiny Tomes.
  2789 | D:5      | Found a shimmering altar of Xom.
  2790 | D:5      | Found a hazy altar of Hepliaklqana.
  2790 | D:5      | Noticed a yak
  2791 | D:5      | Noticed a spectral ugly thing
  2791 | D:5      | Noticed a yak
  2791 | D:5      | Noticed a yak
  2819 | D:5      | Became a worshipper of Hepliaklqana the Forgotten
  2819 | D:5      | Reached * piety under Hepliaklqana
  2819 | D:5      | Reached ** piety under Hepliaklqana
  2842 | D:5      | Remembered your ancestor Psammuthes as a knight
  2990 | D:5      | Reached XP level 7. HP: 45/51 MP: 6/6
  3085 | D:5      | Found a staircase to the Ecumenical Temple.
  3162 | D:5      | Found an opulent altar of Gozag.
  3163 | D:5      | Found a sparkling altar of Nemelex Xobeh.
  3163 | D:5      | Found a radiant altar of Vehumet.
  3163 | D:5      | Found a broken altar of Ashenzari.
  3164 | D:5      | Found an ornate altar of the Wu Jian Council.
  3164 | D:5      | Found a stormy altar of Qazlal.
  3164 | D:5      | Found a glowing silver altar of Zin.
  3164 | D:5      | Found a basalt altar of Yredelemnul.
  3165 | D:5      | Found a shimmering blue altar of Sif Muna.
  3166 | D:5      | Found an iron altar of Okawaru.
  3166 | D:5      | Found a sacrificial altar of Ru.
  3426 | D:4      | Noticed Edmund
  3433 | D:4      | Killed Edmund
  3542 | D:6      | Reached XP level 8. HP: 25/60 MP: 4/7
  3751 | D:6      | Found a blossoming altar of Fedhas.
  4126 | D:6      | Found a transporter.
  4127 | D:6      | Found a transporter.
  4127 | D:6      | Noticed kae's ghost (novice DrSh)
  4128 | D:6      | Identified the +3 great mace of Beogh {flame, Dex+2}
  4128 | D:6      | Identified the +0 great mace of Qubyocix {freeze, *Noise
                  | +Blink Str-5 Int+8}
  4128 | D:6      | Noticed a two-headed ogre
  4170 | D:6      | Reached skill level 5 in Fighting
  4248 | D:6      | Identified the +4 scale mail "Myigroz" {-Tele rPois rF+}
  4363 | D:6      | Identified the +5 pair of boots of Sunn {Dex+4}
  4570 | D:7      | Reached *** piety under Hepliaklqana
  4592 | D:7      | Reached skill level 5 in Axes
  4742 | D:7      | Found Geuny's Armour Emporium.
  4759 | D:7      | Noticed Pikel
  4775 | D:7      | Killed Pikel
  4826 | D:7      | You fall into a shaft and drop 2 floors!
  4889 | D:9      | Reached XP level 9. HP: 63/73 MP: 8/8
  5016 | D:9      | Reached skill level 10 in Fighting
  5104 | D:8      | Found a staircase to the Lair.
  5116 | D:9      | Reached skill level 10 in Axes
  5477 | D:8      | Reached XP level 10. HP: 77/83 MP: 9/9
  5518 | D:7      | Paralysed by a hornet for 2 turns
  5743 | D:7      | Noticed Jeremiah
  5772 | D:7      | Killed Jeremiah
  6141 | D:7      | Found a runed translucent door.
  6141 | D:7      | Found a shimmering altar of Xom.
  6141 | D:7      | Noticed TheKing741's ghost (novice HOFi)
  6141 | D:7      | Noticed a +2 quarterstaff of chaos
  6589 | D:9      | Reached **** piety under Hepliaklqana
  6691 | D:9      | Reached skill level 1 in Invocations
  7274 | D:9      | Got the Tome of Searing Venom
  7292 | D:10     | Entered Level 10 of the Dungeon
  7292 | D:10     | Noticed Joseph
  7302 | D:9      | Killed Joseph
  7650 | D:10     | Found a staircase to the Orcish Mines.
  7681 | D:10     | Found a glowing golden altar of the Shining One.
  7767 | D:10     | Noticed Erolcha
  8079 | D:10     | Reached XP level 11. HP: 87/89 MP: 10/13
  8083 | D:10     | Reached skill level 5 in Invocations
  8502 | D:11     | Found a shimmering blue altar of Sif Muna.
  8542 | D:11     | Identified a scroll of acquirement
  8542 | D:11     | Acquired the scarf of the Great Game {repulsion, rElec
                  | rPois}
  9078 | Lair:1   | Entered Level 1 of the Lair of Beasts
  9294 | Lair:1   | Reached ***** piety under Hepliaklqana
  9475 | Lair:1   | Noticed an oklob plant
  9499 | Lair:1   | Noticed a catoblepas
  9511 | Lair:1   | Reached skill level 15 in Axes
  9534 | Lair:1   | Killed a catoblepas
  9618 | Lair:1   | Noticed a catoblepas
  9637 | Lair:1   | Killed a catoblepas
  9894 | Lair:1   | Reached XP level 12. HP: 66/95 MP: 18/18
 10726 | Lair:2   | Reached skill level 10 in Maces & Flails
 10746 | Lair:2   | Reached skill level 10 in Invocations
 11224 | Lair:2   | Noticed a catoblepas
 11236 | Lair:2   | Killed a catoblepas
 11420 | Lair:3   | Noticed an eight-headed hydra
 11427 | Lair:3   | Killed an eight-headed hydra
 11607 | Lair:3   | Noticed a four-headed hydra
 11608 | Lair:3   | Found a staircase to the Shoals.
 11617 | Lair:3   | Killed a four-headed hydra
 12041 | Lair:3   | Reached XP level 13. HP: 96/101 MP: 19/19
 12107 | Lair:3   | Found a hole to the Spider Nest.
 12924 | Lair:4   | Identified the +1 leather armour "Iblen" {Regen+ rCorr
                  | Int+3}
 12970 | Lair:4   | Identified the +10 short sword "Edeetite" {holy, Str+3
                  | Int+5 Dex+3}
 12997 | Lair:4   | Reached skill level 1 in Armour
 13398 | Lair:5   | Entered Level 5 of the Lair of Beasts
 13776 | Lair:5   | Reached skill level 5 in Dodging
 14680 | Lair:5   | Reached skill level 5 in Armour
 14933 | Lair:5   | Reached XP level 14. HP: 111/111 MP: 20/20
 14969 | Lair:5   | Identified the +3 quarterstaff of Diet Blood {venom, rF-
                  | Will+ Dex+3}
 15237 | Orc:1    | Entered Level 1 of the Orcish Mines
 15264 | Orc:2    | Entered Level 2 of the Orcish Mines
 15287 | Orc:1    | Noticed Gastronok
 15295 | Orc:1    | Killed Gastronok
 15672 | Orc:2    | Found Munefren's General Store.
 15680 | Orc:2    | Bought a potion of heal wounds for 60 gold pieces
 15718 | Orc:2    | Found a staircase to the Elven Halls.
 15888 | Orc:2    | Found a runed translucent gate.
 15888 | Orc:2    | Found a runed translucent gate.
 15888 | Orc:2    | Found a runed translucent gate.
 15892 | Orc:2    | Noticed bmj180's ghost (journeyman DrCj)
 15892 | Orc:2    | Noticed a stone giant
 15946 | Orc:2    | Noticed an orc warlord
 15947 | Orc:2    | Found Waehoez's Jewellery Shop.
 15954 | Orc:2    | Killed an orc warlord
 16250 | Orc:2    | Bought the ring "Zokho" {AC+4 Int+3 Dex+6} for 742 gold
                  | pieces
 16263 | Orc:2    | Found Voba's Antique Armour Shoppe.
 16310 | Orc:2    | Found Esoanur's Antique Weapon Shoppe.
 17329 | Orc:2    | Found an iron altar of Okawaru.
 17416 | D:12     | Noticed Nessos
 17452 | D:12     | Nessos changed into Nessos the sea snake
 17452 | D:12     | Noticed Nessos
 17462 | D:12     | Killed Nessos the sea snake
 17494 | D:12     | Found a frozen archway.
 17519 | IceCv    | Entered an ice cave
 18357 | IceCv    | Noticed a reaper
 18361 | IceCv    | Killed a reaper
 18664 | IceCv    | Found the amulet of Vitality {RegenMP++ Regen++}
 19113 | D:12     | Reached ****** piety under Hepliaklqana
 19129 | D:12     | Identified the ring of Beogh's Fury {rN+ MP+9}
 19139 | D:12     | Reached XP level 15. HP: 102/120 MP: 19/21
 19183 | D:12     | Identified the +8 halberd of the Vendetta {elec, Int+2}
 19194 | D:12     | Identified the +6 trident of Ibaodoan {spect, Str+5}
 21120 | D:14     | Noticed Azrael
 21135 | D:14     | Killed Azrael
 21157 | D:14     | Identified the orb of Impressiveness {mayhem, rPois rC+}
 21157 | D:14     | Noticed Rupert
 21165 | D:14     | Killed Rupert
 21277 | D:14     | Reached skill level 10 in Armour
 21373 | D:14     | Reached skill level 10 in Dodging
 21698 | D:14     | Found a gate to the Vaults.
 21783 | D:15     | Entered Level 15 of the Dungeon
 21850 | D:15     | Reached skill level 15 in Fighting
 22230 | D:15     | Reached XP level 16. HP: 134/134 MP: 22/22
 22262 | D:15     | Noticed Josephine
 22271 | D:15     | Killed Josephine
 22415 | D:15     | Found a staircase to the Depths.
 22948 | Spider:1 | Entered Level 1 of the Spider Nest
 22966 | Spider:1 | Reached skill level 1 in Evocations
 23132 | Orc:2    | Bought a scroll of blinking for 90 gold pieces
 23132 | Orc:2    | Bought a scroll of teleportation for 36 gold pieces
 23132 | Orc:2    | Bought a scroll of immolation for 48 gold pieces
 23352 | Spider:1 | Noticed Agnes
 23403 | Spider:1 | Killed Agnes
 23810 | Spider:1 | Noticed Mlioglotl
 23816 | Spider:1 | Noticed a tentacled starspawn
 23829 | Spider:1 | Killed Mlioglotl
 24537 | Spider:2 | Noticed Aizul
 24546 | Spider:2 | Killed Aizul
 24743 | Spider:2 | Noticed Asterion
 24758 | Spider:2 | Noticed an Executioner
 24762 | Spider:2 | Killed Asterion
 25148 | Spider:2 | Reached skill level 1 in Shields
 25755 | Spider:3 | Reached XP level 17. HP: 100/145 MP: 23/23
 25877 | Spider:3 | Reached skill level 5 in Shields
 26104 | Spider:3 | Reached skill level 5 in Evocations
 26709 | Spider:4 | Entered Level 4 of the Spider Nest
 27842 | Spider:4 | Reached skill level 10 in Shields
 27880 | Spider:4 | Identified the +2 pair of gloves "Kyny" {Contam rElec rF++
                  | Will++}
 27935 | Spider:4 | Got a gossamer rune of Zot
 28526 | Shoals:1 | Entered Level 1 of the Shoals
 28533 | Shoals:1 | Got the Guide on the Map and Shadows
 29225 | Shoals:2 | Noticed Ilsuiw
 29660 | Shoals:2 | Noticed Roxanne
 29733 | Shoals:2 | Killed Ilsuiw
 29811 | Shoals:3 | Found a transporter.
 29849 | Shoals:3 | Found a transporter.
 29861 | Shoals:3 | Found a transporter.
 29861 | Shoals:3 | Found a transporter.
 29868 | Shoals:3 | Reached XP level 18. HP: 154/154 MP: 24/24
 29985 | Shoals:4 | Entered Level 4 of the Shoals
 30215 | Shoals:4 | Got a barnacled rune of Zot
 30264 | Shoals:4 | Identified the +0 chain mail of the Barnacle {Stlth+}
 30495 | Shoals:4 | Noticed Bai Suzhen
 30505 | Shoals:4 | Killed Bai Suzhen
 30549 | Shoals:4 | Identified the +3 great sword of Dividends {pain, *Corrode
                  | rF+ Str+3 Dex+6}
 30565 | Shoals:4 | Got the Volume of the Geologist
 30767 | Shoals:3 | Found a transporter.
 30768 | Shoals:3 | Found a transporter.
 30834 | Shoals:2 | Found Reer's Antique Armour Shoppe.
 30839 | Shoals:2 | Reached skill level 1 in Shapeshifting
 31136 | Vaults:1 | Entered Level 1 of the Vaults
 31145 | Vaults:1 | Reached skill level 1 in Throwing
 31307 | Vaults:1 | Reached skill level 15 in Shields
 32825 | Vaults:2 | Reached XP level 19. HP: 139/161 MP: 26/26
 32840 | Vaults:2 | Noticed Donald
 32858 | Vaults:2 | Killed Donald
 33095 | Vaults:2 | Reached skill level 5 in Throwing
 33095 | Vaults:2 | Reached skill level 5 in Shapeshifting
 33330 | Vaults:2 | Found a flickering gateway to a bazaar.
 33349 | Bazaar   | Entered a bazaar
 33364 | Bazaar   | Found Xaodarph's Book Emporium.
 33364 | Bazaar   | Found Qimastih's Magic Scroll Shoppe.
 33370 | Bazaar   | Bought a scroll of teleportation for 33 gold pieces
 33370 | Bazaar   | Bought a scroll of teleportation for 33 gold pieces
 33370 | Bazaar   | Bought a scroll of summoning for 104 gold pieces
 33370 | Bazaar   | Bought a scroll of immolation for 44 gold pieces
 33376 | Bazaar   | Bought a manual of Armour for 640 gold pieces
 33387 | Bazaar   | Found Cilittas's Jewellery Emporium.
 33404 | Bazaar   | Found Qipikud's Antique Armour Emporium.
 33421 | Bazaar   | Found Xousiph's Jewellery Emporium.
 34199 | Vaults:2 | Found a staircase to the Crypt.
 35277 | Vaults:3 | Found Enegru's Book Shop.
 36201 | Vaults:4 | Noticed Jory
 36211 | Vaults:4 | Reached XP level 20. HP: 152/168 MP: 28/28
 36223 | Vaults:4 | Killed Jory
 36375 | Vaults:4 | Identified the +10 dagger of the Other Side {spect, rF+++
                  | Will+ Int+4}
 36743 | Vaults:4 | Identified the ring of Vuiklott {rElec rF+ Will- rCorr EV+5
                  | Stlth+}
 36773 | Vaults:4 | Identified the ring of Weej {Fire Fly rPois Int-3 Dex+4}
 36782 | Vaults:4 | Identified the +0 robe "Sokkip" {SInv}
 36905 | Vaults:4 | Identified the +1 ring mail of Noughts and Crosses {rC+}
 37548 | Vaults:4 | Found Laontak's Magic Scroll Boutique.
 37561 | Vaults:4 | Bought a scroll of blinking for 180 gold pieces
 37561 | Vaults:4 | Bought a scroll of immolation for 96 gold pieces
 37831 | Elf:1    | Entered Level 1 of the Elven Halls
 37894 | Elf:1    | Found a runed translucent gate.
 37894 | Elf:1    | Found a runed translucent gate.
 37894 | Elf:1    | Found a runed translucent gate.
 37894 | Elf:1    | Found a runed translucent gate.
 37894 | Elf:1    | Found a runed translucent gate.
 37896 | Elf:1    | Found a runed translucent gate.
 38254 | Elf:3    | Entered Level 3 of the Elven Halls
 38344 | Elf:3    | Found a transporter.
 38358 | Elf:3    | Found a transporter.
 38368 | Elf:3    | Noticed Vorhees's ghost (adept GnSh)
 38382 | Elf:3    | Reached skill level 15 in Armour
 38522 | Elf:3    | Reached XP level 21. HP: 169/174 MP: 29/29
 38551 | Elf:3    | Paralysed by an air elemental for 1 turns
 38692 | Elf:3    | Identified the +12 sling of Kowkucvoesa {flame, *Slow Fly
                  | rCorr}
 38692 | Elf:3    | Identified the ring "Seniejoa" {rElec AC+4}
 38732 | Elf:3    | Identified the ring of Kaunev {rElec SInv}
 38801 | Elf:3    | Found the +9 sword of Power {lifebolt}
 38815 | Elf:3    | Identified the ring of Lulos {rCorr AC+4}
 38834 | Elf:3    | Got the Catalogue of Magnificence
 38840 | Elf:3    | Identified the staff "Bauvog" {+Blink rC+ Stlth+ Ice}
 39050 | Elf:3    | Found a portal to a secret trove of treasure.
 39483 | Trove    | Entered a treasure trove
 39490 | Trove    | Identified the ring "Gasue" {rElec Str-3 SInv Stlth+}
 40321 | Elf:2    | Found Vafuen's Antique Weapon Emporium.
 40432 | Elf:2    | Paralysed by an air elemental for 1 turns
 40565 | Elf:2    | Found a runed translucent gate.
 40566 | Elf:2    | Found a runed translucent gate.
 40566 | Elf:2    | Found a runed translucent gate.
 40842 | Depths:1 | Entered Level 1 of the Depths
 40847 | Depths:1 | Found a hide-covered altar of Uskayaw.
 41293 | Depths:1 | Found a gateway to Hell.
 41326 | Depths:1 | Found Utuikh's Antique Weapon Shop.
 41408 | Depths:1 | Found a white marble altar of Elyvilon.
 41576 | Depths:1 | Reached skill level 10 in Throwing
 41576 | Depths:1 | Reached skill level 10 in Shapeshifting
 41711 | Depths:1 | Found a one-way gate to the infinite horrors of the Abyss.
 41745 | Depths:1 | Found Enytu's Book Shop.
 41747 | Depths:1 | Found Osihynelu's Jewellery Emporium.
 41748 | Depths:1 | Found Syliyr's Book Shop.
 41798 | Depths:1 | Found Amorint's General Store.
 41802 | Depths:1 | Found Goty's Specific Store.
 41818 | Depths:1 | Found a one-way gateway to a ziggurat.
 42042 | Depths:2 | Found a one-way gate leading to the halls of Pandemonium.
 42210 | Depths:2 | Reached XP level 22. HP: 179/181 MP: 31/31
 42253 | Depths:2 | Noticed a juggernaut
 42336 | Depths:2 | Found a flickering gateway to a bazaar.
 42359 | Bazaar   | Entered a bazaar
 42359 | Bazaar   | Found Samar's Assorted Antiques.
 42359 | Bazaar   | Found Bacup's Assorted Antiques.
 42359 | Bazaar   | Found Qustiagre's Book Boutique.
 42359 | Bazaar   | Found Bipnotz's General Store.
 42359 | Bazaar   | Found Xiommedonn's Magic Scroll Boutique.
 42373 | Bazaar   | Bought a scroll of enchant weapon for 157 gold pieces
 42375 | Bazaar   | Bought a scroll of brand weapon for 218 gold pieces
 42375 | Bazaar   | Bought a scroll of teleportation for 69 gold pieces
 42377 | Bazaar   | Bought a scroll of brand weapon for 142 gold pieces
 42377 | Bazaar   | Bought a scroll of enchant weapon for 112 gold pieces
 42377 | Bazaar   | Bought a scroll of enchant armour for 112 gold pieces
 42379 | Bazaar   | Bought a potion of mutation for 56 gold pieces
 42379 | Bazaar   | Bought a scroll of enchant armour for 52 gold pieces
 42379 | Bazaar   | Bought a potion of might for 28 gold pieces
 42601 | Depths:2 | Found a corrupted altar of Lugonu.
 42784 | Depths:2 | Noticed a golden dragon
 42794 | Depths:2 | Killed a golden dragon
 42912 | Depths:2 | Reached skill level 15 in Invocations
 42991 | Depths:2 | Killed a juggernaut
 43002 | Depths:2 | Noticed a juggernaut
 43018 | Depths:2 | Killed a juggernaut
 43077 | Depths:2 | Noticed a juggernaut
 43093 | Depths:2 | Killed a juggernaut
 43149 | Depths:2 | Noticed a golden dragon
 43159 | Depths:2 | Killed a golden dragon
 43693 | Depths:3 | Noticed a juggernaut
 43718 | Depths:3 | Killed a juggernaut
 43734 | Depths:3 | Found a gateway to a bazaar.
 43761 | Bazaar   | Entered a bazaar
 43785 | Bazaar   | Found Jyteucof's Antique Weapon Emporium.
 43803 | Bazaar   | Found Taemiugi's Antique Weapon Shop.
 43849 | Bazaar   | Found Ymus's Weapon Shoppe.
 44097 | Depths:3 | Noticed a golden dragon
 44110 | Depths:3 | Killed a golden dragon
 44358 | Depths:3 | Found a runed translucent door.
 44659 | Depths:3 | Found a runed translucent door.
 44675 | Depths:3 | Noticed a golden dragon
 44735 | Depths:4 | Entered Level 4 of the Depths
 44762 | Depths:4 | Noticed a golden dragon
 45186 | Depths:4 | Reached XP level 23. HP: 144/172 MP: 33/33
 45379 | Depths:4 | Noticed a juggernaut
 45393 | Depths:4 | Killed a juggernaut
 45957 | Depths:4 | Found a gate to the Realm of Zot.
 46251 | Vaults:5 | Entered Level 5 of the Vaults
 46363 | Vaults:5 | Noticed an ancient lich
 46380 | Vaults:5 | Killed an ancient lich
 46659 | Vaults:5 | Got a silver rune of Zot
 46791 | Vaults:5 | Reached XP level 24. HP: 180/194 MP: 33/33
 47076 | Vaults:5 | Identified the +0 ring mail of the Golden God {rPois Str+2
                  | Dex+3}
 47319 | Vaults:5 | Found the +3 giant club "Skullcrusher" {speed, Str+7}
 47459 | Vaults:5 | Got Busue's Elucidation of Combat Magic and Leadership
 47465 | Vaults:5 | Got Zyadd's Guide on Ensnaring Exhalation
 47506 | Vaults:5 | Identified the ring of Tyurr {rN+ Will+}
 48075 | Crypt:1  | Entered Level 1 of the Crypt
 48820 | Crypt:1  | Noticed an ancient lich
 48825 | Crypt:1  | Noticed an ancient lich
 48839 | Crypt:1  | Killed an ancient lich
 48842 | Crypt:1  | Killed an ancient lich
 48870 | Crypt:1  | Found the +6 Majin-Bo {spellvamp, MP+6 Int+6}
 49303 | Crypt:2  | Reached skill level 15 in Shapeshifting
 49686 | Crypt:2  | Found a runed door.
 49787 | Crypt:2  | Noticed an ancient lich
 49808 | Crypt:2  | Killed an ancient lich
 49911 | Crypt:2  | Found the amulet of the Air {Inacc Air Fly rElec RMsl}
 49930 | Crypt:2  | Identified the ring "Fifaohong" {*Slow rF+ rCorr Dex+2
                  | SInv}
 49933 | Crypt:2  | Got the Excursus on Venomous Clay
 49935 | Crypt:2  | Got the Codex of Generation
 49937 | Crypt:2  | Identified the ring of Gecraliygo {Ice rN+ Will- Int+3}
 49967 | Crypt:2  | Acquired 586 gold pieces
 50215 | Crypt:3  | Entered Level 3 of the Crypt
 50307 | Crypt:3  | Found a basalt altar of Yredelemnul.
 50384 | Crypt:3  | Reached XP level 25. HP: 201/201 MP: 33/33
 50497 | Crypt:3  | Identified the staff "Guoro" {*Corrode rPois rF+ Str+3
                  | Stlth+ Fire}
 50526 | Crypt:3  | Identified the +5 orcbow "Jaeh" {drain, rC++ Int+3}
 51316 | Crypt:3  | Found a staircase to the Tomb.
 51428 | Crypt:3  | Got Yduonumm's Guide on Abominable Mysteries
 52162 | D:6      | Killed kae's ghost
 52460 | Elf:3    | Killed Vorhees's ghost
 52506 | Elf:3    | Identified the amulet "Keune" {Spirit rC+ rN+}
 52540 | Elf:3    | Identified the +9 dagger "Joilaev" {heavy, SInv}
 53514 | Zot:1    | Entered Level 1 of the Realm of Zot
 53531 | Zot:1    | Noticed Parghit
 53711 | Zot:1    | Noticed Grunn
 54148 | Zot:1    | Identified the ring of Desir {rF- rC+ Str+6}
 54597 | Zot:1    | Killed Grunn
 54750 | Zot:1    | Killed Parghit
 55299 | Zot:2    | Noticed an orb of fire
 55300 | Zot:2    | Gained mutation: You are partially covered in iridescent
                  | scales. (AC +2) [an orb of fire]
 55308 | Zot:2    | Killed an orb of fire
 55631 | Zot:2    | Reached XP level 26. HP: 201/208 MP: 34/34
 55717 | Zot:2    | Reached skill level 15 in Throwing
 55994 | Zot:2    | Noticed an ancient lich
 56108 | Zot:2    | Killed an ancient lich
 56249 | Zot:2    | Found a stormy altar of Qazlal.
 56917 | Zot:4    | Identified the +8 chain mail of the Louse {rElec Dex+5}
 57150 | Zot:5    | Entered Level 5 of the Realm of Zot
 57513 | Zot:5    | Noticed a dread lich
 57538 | Zot:5    | Killed a dread lich
 57547 | Zot:5    | Noticed an orb of fire
 57567 | Zot:5    | Gained mutation: You are vulnerable to cold. (rC-) [an orb
                  | of fire]
 57569 | Zot:5    | Gained mutation: You are very vulnerable to cold. (rC--)
                  | [an orb of fire]
 57571 | Zot:5    | Killed an orb of fire
 57849 | Zot:5    | Noticed a dread lich
 57849 | Zot:5    | Noticed an ancient lich
 57868 | Zot:5    | Killed an ancient lich
 57877 | Zot:5    | Killed a dread lich
 58062 | Zot:5    | Reached XP level 27. HP: 185/214 MP: 36/36
 58079 | Zot:5    | Noticed an orb of fire
 58096 | Zot:5    | Noticed an ancient lich
 58101 | Zot:5    | Killed an orb of fire
 58106 | Zot:5    | Killed an ancient lich
 58118 | Zot:5    | Noticed an orb of fire
 58120 | Zot:5    | Gained mutation: You are weak. (Str -2) [an orb of fire]
 58128 | Zot:5    | Noticed an orb of fire
 58130 | Zot:5    | Killed an orb of fire
 58130 | Zot:5    | Gained mutation: Your flesh is heat resistant. (rF+) [an
                  | orb of fire]
 58134 | Zot:5    | Gained mutation: You occasionally lose the ability to drink
                  | potions when taking damage. [an orb of fire]
 58142 | Zot:5    | Gained mutation: Potions are less effective at restoring
                  | your health. [an orb of fire]
 58152 | Zot:5    | Gained mutation: Potions cannot restore your health. [an
                  | orb of fire]
 58153 | Zot:5    | Gained mutation: Your body sometimes deteriorates upon
                  | taking damage. [an orb of fire]
 58156 | Zot:5    | Killed an orb of fire
 58181 | Zot:5    | Lost mutation: You are partially covered in iridescent
                  | scales. (AC +2) [potion of mutation]
 58181 | Zot:5    | Lost mutation: You are very vulnerable to cold. (rC--)
                  | [potion of mutation]
 58181 | Zot:5    | Lost mutation: Potions cannot restore your health. [potion
                  | of mutation]
 58181 | Zot:5    | Gained mutation: You have a pair of large horns on your
                  | head. [potion of mutation]
 58181 | Zot:5    | Gained mutation: You passively dampen the noise of your
                  | surroundings. [potion of mutation]
 58182 | Zot:5    | Lost mutation: You occasionally lose the ability to drink
                  | potions when taking damage. [potion of mutation]
 58182 | Zot:5    | Lost mutation: Your body sometimes deteriorates upon taking
                  | damage. [potion of mutation]
 58182 | Zot:5    | Lost mutation: You have a pair of large horns on your head.
                  | [potion of mutation]
 58182 | Zot:5    | Gained mutation: Your spells are a little easier to cast,
                  | but a little less powerful. [potion of mutation]
 58182 | Zot:5    | Gained mutation: You have large cloven feet. [potion of
                  | mutation]
 58183 | Zot:5    | Lost mutation: Potions are less effective at restoring your
                  | health. [potion of mutation]
 58183 | Zot:5    | Lost mutation: You are vulnerable to cold. (rC-) [potion of
                  | mutation]
 58183 | Zot:5    | Gained mutation: Your movements are slightly less
                  | encumbered by armour. (ER -2) [potion of mutation]
 58215 | Zot:5    | Got the Orb of Zot
 58773 | Lair:3   | Noticed Ihoxaur the pandemonium lord
 58804 | Lair:2   | Noticed Qadgho the pandemonium lord
 58899 | D:8      | Gained mutation: You have hidden genetic defects. [a
                  | cacodemon]
 58904 | D:8      | Lost mutation: You have large cloven feet. [potion of
                  | mutation]
 58904 | D:8      | Lost mutation: You are weak. (Str -2) [potion of mutation]
 58904 | D:8      | Gained mutation: You passively map a small area around you.
                  | [potion of mutation]
 58904 | D:8      | Gained mutation: You passively map the area around you.
                  | [potion of mutation]
 58904 | D:8      | Gained mutation: You are resistant to electric shocks.
                  | (rElec) [potion of mutation]
 58913 | D:8      | Lost mutation: Your movements are slightly less encumbered
                  | by armour. (ER -2) [potion of mutation]
 58913 | D:8      | Lost mutation: Your flesh is heat resistant. (rF+) [potion
                  | of mutation]
 58914 | D:8      | Lost mutation: You passively dampen the noise of your
                  | surroundings. [potion of mutation]
 58914 | D:8      | Lost mutation: You passively map the area around you.
                  | [potion of mutation]
 58914 | D:8      | Lost mutation: Your spells are a little easier to cast, but
                  | a little less powerful. [potion of mutation]
 58914 | D:8      | Gained mutation: You sometimes lose your temper in combat.
                  | [potion of mutation]
 58914 | D:8      | Gained mutation: You are agile. (Dex +4, Str/Int -1)
                  | [potion of mutation]
 58915 | D:8      | Lost mutation: You are resistant to electric shocks.
                  | (rElec) [potion of mutation]
 58915 | D:8      | Lost mutation: You passively map a small area around you.
                  | [potion of mutation]
 58916 | D:8      | Lost mutation: You have hidden genetic defects. [potion of
                  | mutation]
 58916 | D:8      | Lost mutation: You are agile. (Dex +4, Str/Int -1) [potion
                  | of mutation]
 58916 | D:8      | Gained mutation: Your flesh is cold resistant. (rC+)
                  | [potion of mutation]
 58916 | D:8      | Gained mutation: You are clumsy. (Dex -2) [potion of
                  | mutation]
 58916 | D:8      | Gained mutation: Your spells are a little harder to cast,
                  | but a little more powerful. [potion of mutation]
 59052 | D:$      | Escaped with the Orb!

Illustrated notes

Levels and vault maps discovered:
D:1:      nicolae_arrival_somewhat_less_tricky_arrival, layout_basic
D:2:      minmay_wonky_spiral, layout_loops_ring
D:3:      layout_basic
D:4:      layout_rooms, sigmund_edmund_badplayer
D:5:      layout_loops_ring, regret_index_temple_of_mockery,
          nicolae_overflows_in_rows, minmay_temple_entry_statues_fountains,
          nicolae_shop_i_like_small_books_too, chequers_serial_rivers_small_a,
          amcnicky_mini_rare_corridor_liquid, minivault_26
D:6:      layout_gridville, fedhas_altar_1, gammafunk_ghost_smash,
          nicolae_letterblocks [nicolae_letter_subblock,
          nicolae_letter_subblock, nicolae_letter_subblock,
          nicolae_letter_subblock, nicolae_letter_subblock,
          nicolae_letter_subblock, nicolae_letter_subblock,
          nicolae_letter_subblock, nicolae_letter_subblock,
          nicolae_letter_subblock, nicolae_letter_subblock,
          nicolae_letter_subblock, nicolae_letter_subblock,
          nicolae_letter_subblock, nicolae_letter_subblock,
          nicolae_letter_subblock, nicolae_letter_subblock,
          nicolae_letter_subblock, nicolae_letter_subblock,
          nicolae_letter_subblock, nicolae_letter_subblock,
          nicolae_letter_subblock, nicolae_letter_subblock,
          nicolae_letter_subblock, nicolae_letter_subblock]
D:7:      layout_basic, ebering_ghost_xom, serial_shops,
          nicolae_shop_tiny_real_fake_doors, uniq_jeremiah, uniq_pikel
D:8:      layout_cave_pools, erik_lair_orcish_takeover, minmay_strange_pillars
D:9:      layout_basic, kennysheep_generic_room_8
D:10:     layout_roguey, mainiacjoe_overflow_cross_hatched, orc_0_dummy,
          kennysheep_nub, uniq_erolcha, uniq_joseph
D:11:     layout_roguey, lemuel_blue_sif_altar
D:12:     minmay_the_grid_square_5x5_5x5
          [minmay_the_grid_square_5x5_half_checkered,
          minmay_the_grid_square_5x5_tetrominoes,
          minmay_the_grid_square_5x5_inner_i, minmay_the_grid_square_5x5_eight,
          minmay_the_grid_square_5x5_n_small,
          minmay_the_grid_square_5x5_intrusive_squares,
          minmay_the_grid_square_5x5_prize_junk,
          minmay_the_grid_square_5x5_percent,
          minmay_the_grid_square_5x5_prize_snowflake,
          minmay_the_grid_square_5x5_spiral_small,
          minmay_the_grid_square_5x5_beaten_path,
          minmay_the_grid_square_5x5_detours,
          minmay_the_grid_square_5x5_prize_waves,
          minmay_the_grid_square_5x5_trominoes,
          minmay_the_grid_square_5x5_corner, minmay_the_grid_square_5x5_inner_v,
          minmay_the_grid_square_5x5_prize_pseudospiral,
          minmay_the_grid_square_5x5_c,
          minmay_the_grid_square_5x5_prize_deathbox,
          minmay_the_grid_square_5x5_minivault,
          minmay_the_grid_square_5x5_gyroscope,
          minmay_the_grid_square_5x5_six_small,
          minmay_the_grid_square_5x5_fancy_junction,
          minmay_the_grid_square_5x5_six,
          minmay_the_grid_square_5x5_two_walls_a], layout_irregular_city,
          portal_ice_cave_entry_imps, uniq_nessos
D:13:     layout_loops_cross
D:14:     layout_cave_pools, david_vaults_5, minivault_19, uniq_azrael,
          uniq_rupert
D:15:     gammafunk_enter_depths_forms, layout_cave_pools, roderic_batcave,
          uniq_josephine
Lair:1:   minmay_lair_oklob_chamber, layout_long_grid, worms_lemuel,
          grunt_megastairs_3
Lair:2:   layout_gridlike, grunt_megastairs_1
Lair:3:   layout_roguey, minmay_shoals_entry_centaurs,
          nicolae_spider_entry_tight_spaces, forest_entry_grove,
          infiniplex_staircase_pool
Lair:4:   layout_roguey, dpeg_slime_entry_enclosed, infiniplex_staircase_pool_2
Lair:5:   grunt_lair_end_beastmaster, layout_loops_ring, st_stairs_11,
          serial_bayou_shore_b
Shoals:1: layout_shoals, nicolae_shoals_stone_sculpture_thing,
          nicolae_shoals_square_sea_wall
Shoals:2: layout_shoals, serial_shops, nicolae_shop_stone, uniq_roxanne,
          uniq_ilsuiw
Shoals:3: layout_shoals, serial_shops, shop, serial_nicolae_subway,
          nicolae_sub_station_metal, nicolae_sub_station_crystal,
          nicolae_sub_station_stone
Shoals:4: shoals_end_simple, layout_shoals, uniq_bai_suzhen
Spider:1: layout_spider_delve, uniq_agnes, uniq_mlioglotl
Spider:2: spider_temple_joshua, uniq_asterion, uniq_aizul
Spider:3: layout_spider_delve, nicolae_spider_cling_halls
Spider:4: spider_rune_water
Orc:1:    layout_diamond_mine, uniq_gastronok
Orc:2:    grunt_orc_gardens, layout_diamond_mine, grunt_orc_garden,
          grunt_orc_garden, grunt_orc_garden, grunt_orc_garden,
          gammafunk_ghost_fury_of_okawaru
Elf:1:    eino_elf_arrival_sip, layout_rooms, orc_legates, drop_trap,
          lemuel_flamethrower_2
Elf:2:    nicolae_elf_blades_crystal_corner, layout_geoelf_diagonals,
          serial_shops, nicolae_shop_stone
Elf:3:    minmay_elf_hall_statues, layout_onion_city,
          gammafunk_ghost_berserking_beasts, nicolae_trove_entry_isolated,
          columned_hall_lemuel, minivault_20, st_stairs_14,
          nicolae_fountain_basement
Vaults:1: vaults_room_fancy_cross, nicolae_vaults_sightless_eye,
          nicolae_vaults_what_the_h, vaults_mumra_chevron_long, v_rooms_3,
          nicolae_vaults_twisting_passages, grunt_vaults_diagonal,
          nicolae_vaults_asterisk, v_misc_11, vaults_room_corners,
          nicolae_vaults_storage_room_glass, layout_vaults_omnigrid
Vaults:2: nicolae_vaults_wrenched, nicolae_vaults_double_plus_2,
          nicolae_vaults_offset_grid_hallway_1, minmay_crypt_entry_simple_plaza,
          vaults_room_corners, nicolae_vaults_border_crossing,
          ontoclasm_vaults_pinch, hangedman_vaults_nodes,
          nicolae_vaults_apartment_1, nicolae_vaults_tetromino_T_1,
          nicolae_vaults_windows_and_doors_thing,
          vaults_mumra_minichess_inversion, nicolae_vaults_tetromino_Z_2,
          nicolae_vaults_apartment_1, ontoclasm_vaults_loading_screen,
          layout_vaults_big_room, serial_shops, bzr_entry_islet, uniq_donald
Vaults:3: nicolae_vaults_network_square, nicolae_vaults_network_barrier,
          nicolae_vaults_house_3, hangedman_vaults_locks,
          nicolae_vaults_closet_pinwheel_4, vaults_room_hallway,
          nicolae_vaults_closet_pinwheel_1, hangedman_vaults_unwind,
          nicolae_vaults_two_Ls, nicolae_vaults_circle_grid_b,
          nicolae_vaults_tetromino_T_1, nicolae_vaults_ring_of_whatevers,
          layout_vaults_omnibox, serial_hangedman_research, serial_shops,
          shop_statue
Vaults:4: hangedman_vaults_variations, v_misc_12, nicolae_vaults_diamond_1,
          nicolae_vaults_spaceships, nicolae_vaults_storing_the_good_stuff,
          nicolae_vaults_double_plus_2, v_misc_15, nicolae_vaults_meiosis,
          nicolae_vaults_little_squares_3, nicolae_vaults_little_squares_1,
          hangedman_vaults_stretched_pinwheel,
          nicolae_vaults_stairing_the_circle, nicolae_vaults_heart-shaped_vault,
          nicolae_vaults_trapezoid_lopsided_3, layout_vaults_omnicross,
          serial_shops, shop, uniq_jory
Vaults:5: serial_shops
Crypt:1:  minmay_guarded_unrand_majin_bo, layout_gridlike, st_stairs_7,
          grunt_crypt_arrival_webbed
Crypt:2:  evilmike_wizard_prison, layout_misc_corridors, st_stairs_12,
          grunt_megastairs_5
Crypt:3:  evilmike_haunted_forest
Depths:1: layout_gridlike, enter_ziggurat_b, grunt_mini_vestibule,
          abyss_entry_crystal, serial_shops, shop, elyvilon_altar_1,
          minmay_misc_feat_rows, small_chamber_with_monster,
          nicolae_specific_store, moated_statue, nicolae_uskayaw_en_pointe,
          minmay_shop_grove
Depths:2: lemuel_castle_with_subvaults [lemuel_castle_interior_carwin_2],
          layout_cave_pools, abyss_entry_flame_altar, pan_entry,
          minmay_misc_feat_rugged, serial_shops, bzr_entry_safe,
          grunt_hell_entry_dis_mu
Depths:3: thingy_vault_2, layout_long_grid, serial_shops, bzr_entry_customers,
          abyss_entry, rand_demon_pan_entry_7, hell_entry
Depths:4: grunt_zot_entry_pinwheel, layout_cave_pools, hangedman_coc_ice_floe,
          grunt_pan_entry_zigzag, st_stairs_11
Zot:1:    layout_onion, st_large_dragon_hoard_4, uniq_grunn, uniq_parghit
Zot:2:    regret_index_qazlal_generations, layout_onion_interference,
          grunt_ministairs_8, zot_minivault_1
Zot:3:    layout_onion, grunt_ministairs_5
Zot:4:    layout_misc_corridors
Zot:5:    layout_basic

Skill      XL: |  1  2  3  4  5  6  7  8  9 10 11 12 13 14 15 16 17 18 19 20 21 22 23 24 25 26 27 |
---------------+----------------------------------------------------------------------------------+-----
Maces & Flails | 1 2 3 5 6 8 9 12 | 12.8
Stealth        | 1 2 |  2.0
Short Blades   | 1 |  1.0
Fighting       | 4 8 10 11 12 15 17 18 | 18.0
Axes           | 4 6 10 14 15 17 19 20 21 | 21.4
Invocations    | 4 9 10 12 13 14 15 17 20 | 20.6
Armour         | 5 8 10 12 15 17 19 20 21 | 21.0
Dodging        | 6 8 10 11 12 | 12.0
Evocations     | 4 7 9 |  9.0
Shields        | 4 12 15 16 17 18 19 20 21 | 21.0
Shapeshifting  | 3 6 8 10 11 13 15 17 | 17.8
Throwing       | 3 6 8 10 11 13 14 18 19 | 19.9

Action                     |  1- 3 |  4- 6 |  7- 9 | 10-12 | 13-15 | 16-18 | 19-21 | 22-24 | 25-27 || total
---------------------------+-------+-------+-------+-------+-------+-------+-------+-------+-------++-------
  Melee: Mace              |    84 |    11 |       |       |       |       |       |       |       ||    95
         Headbutt          |    18 |    11 |    30 |    77 |   151 |   242 |   337 |   469 |   445 ||  1780
         Hand axe          |     1 |       |       |       |       |       |       |       |       ||     1
         Flail             |       |    43 |    55 |       |       |       |       |       |       ||    98
         Morningstar       |       |       |    89 |   312 |    43 |       |       |       |       ||   444
         Executioner's axe |       |       |       |       |   656 |   386 |     9 |       |       ||  1051
         Demon trident     |       |       |       |       |       |   258 |       |       |       ||   258
         Broad axe         |       |       |       |       |       |   359 |  1100 |  1423 |  1306 ||  4188
  Throw: Dart              |       |    10 |     1 |     9 |    14 |     8 |       |     6 |     1 ||    49
         Boomerang         |       |       |       |    30 |    11 |    11 |     2 |       |       ||    54
         Javelin           |       |       |       |       |       |     3 |     1 |       |    29 ||    33
 Invoke: Recall Ancestor   |       |     1 |     4 |     5 |     6 |    10 |     6 |     5 |     5 ||    42
         Ancestor Life: Kn |       |     1 |       |       |       |       |       |       |       ||     1
         Idealise          |       |       |       |     4 |     4 |     8 |     4 |     1 |     6 ||    27
         Transference      |       |       |       |     1 |     2 |     3 |       |     1 |       ||     7
         Ancestor Identity |       |       |       |       |       |       |       |     1 |       ||     1
  Evoke: Wand              |       |     3 |     1 |     4 |     8 |     1 |       |       |     9 ||    26
         Phantom mirror    |       |       |       |       |     2 |     2 |     1 |       |     1 ||     6
         Phial of floods   |       |       |       |       |     1 |     1 |       |       |       ||     2
         Lightning rod     |       |       |       |       |       |     9 |     2 |     5 |     4 ||    20
         Condenser vane    |       |       |       |       |       |     5 |     1 |     3 |     1 ||    10
         Box of beasts     |       |       |       |       |       |       |     1 |     1 |     1 ||     3
    Use: Scroll            |     2 |     3 |     1 |    13 |    18 |     8 |     6 |    19 |    14 ||    84
         Potion            |       |       |       |     1 |    17 |     4 |     1 |     8 |    30 ||    61
   Stab: Distracted        |       |       |     1 |     2 |    10 |    13 |     8 |    29 |    24 ||    87
         Petrifying        |       |       |       |     1 |     1 |       |       |       |       ||     2
         Sleeping          |       |       |       |       |     1 |     5 |     2 |       |       ||     8
         Held in net/web   |       |       |       |       |     1 |       |       |       |       ||     1
         Petrified         |       |       |       |       |     4 |       |       |       |       ||     4
         Confused          |       |       |       |       |       |     1 |       |       |       ||     1
 Armour: Robe              |     4 |       |       |       |       |       |       |       |       ||     4
         Ring mail         |    13 |    15 |    49 |   107 |   269 |   216 |       |       |       ||   669
         Scale mail        |       |       |       |       |       |    96 |   258 |    21 |       ||   375
         Gold dragon scale |       |       |       |       |       |       |       |   481 |   692 ||  1173
         Skin              |       |       |       |       |       |       |       |     8 |       ||     8
  Dodge: Dodged            |    53 |    21 |    71 |   181 |   537 |   729 |   420 |   300 |   341 ||  2653
         Repelled          |       |       |       |       |    11 |     8 |    24 |    17 |    26 ||    86
  Block: Orb               |    25 |    13 |    23 |    78 |    10 |       |       |       |       ||   149
         Reflection        |     2 |       |       |       |     4 |       |     8 |       |       ||    14
         Other             |       |       |       |       |    63 |       |       |       |       ||    63
         Kite shield       |       |       |       |       |       |   313 |   151 |       |       ||   464
         Tower shield      |       |       |       |       |       |    83 |   819 |  1289 |  1410 ||  3601

Table legend: (Time is in decaauts)
 A = Elapsed time spent in this place.
 B = Non-inter-level travel time spent in this place.
 C = Inter-level travel time spent in this place.
 D = Time resting spent in this place.
 E = Time spent auto-exploring this place.
 F = Levels seen in this place.
 G = Mean time per level.
                   A        B        C        D        E       F      G
               +--------+--------+--------+--------+--------+-----+--------+
         Total |  58013 |  49851 |   8162 |   9407 |  15347 |  55 | 1054.8 |
       Dungeon |  15425 |  12001 |   3424 |   1909 |   3199 |  15 | 1028.3 |
          Lair |   6918 |   5798 |   1120 |   1737 |   1441 |   5 | 1383.6 |
        Shoals |   2278 |   2057 |    221 |    466 |    157 |   4 |  569.5 |
   Spider Nest |   5187 |   4333 |    854 |    893 |    983 |   4 | 1296.8 |
  Orcish Mines |   2364 |   2016 |    348 |    578 |    717 |   2 | 1182.0 |
   Elven Halls |   2833 |   2373 |    460 |    177 |    971 |   3 |  944.3 |
        Vaults |   8185 |   7153 |   1032 |    591 |   3110 |   5 | 1637.0 |
         Crypt |   3617 |   3295 |    322 |    518 |   1613 |   3 | 1205.7 |
        Depths |   5241 |   4922 |    319 |    604 |   1977 |   4 | 1310.2 |
           Zot |   4380 |   4321 |     59 |   1163 |   1090 |   5 |  876.0 |
        Bazaar |    270 |    270 |      0 |      0 |     89 |   3 |   90.0 |
         Trove |     86 |     86 |      0 |      0 |      0 |   1 |   86.0 |
      Ice Cave |   1223 |   1223 |      0 |    768 |      0 |   1 | 1223.0 |
               +--------+--------+--------+--------+--------+-----+--------+

Top non-repeatable levels by time:
  Lair:1: 1892 daAuts
     D:9: 1875 daAuts
Spider:2: 1780 daAuts
Vaults:3: 1768 daAuts
  Lair:5: 1717 daAuts
Vaults:5: 1662 daAuts
  Lair:3: 1660 daAuts
Vaults:1: 1642 daAuts
Vaults:4: 1614 daAuts
    D:12: 1596 daAuts
Depths:2: 1517 daAuts
   Zot:2: 1515 daAuts
 Crypt:3: 1511 daAuts
Spider:4: 1510 daAuts
Vaults:2: 1498 daAuts
